Map: Protocole central

Players

Jboo - Winner!

  • Race: Zerg Zerg
  • League: Diamond

Worming

  • Race: Zerg Zerg
  • League: Diamond

VOD

Have the link to the VOD?

Description

Time

  • Played on: Nov. 29, 2015, 5:11 a.m.
  • Length: 4:11
Show
View Real Time Build Order
Export as new Build Order

Jboo Zerg - Winner!

Build Orders: Hatch First 

Get SALT Encoding   

  12  0:01  Drone  
  13  0:08  Drone  
  14  0:19  Extractor x2  
  14  0:20  Drone  
  13  0:21  Drone  
  13  0:28  Overlord  
  16  0:52  Hatchery  
  15  1:03  Spawning Pool  
  14  1:06  Drone  
  14  1:09  Extractor  
  14  1:11  Drone  
  14  1:16  Drone  
  16  1:26  Drone  
  17  1:35  Drone  
  18  1:46  Drone  
  19  1:50  Queen  
  21  1:57  Drone  
  22  2:04  Overlord  
  22  2:05  Queen  
  24  2:12  Drone x2  
  26  2:17  Drone  
  27  2:25  Spine Crawler  
  26  2:37  Metabolic Boost, Zergling x8  
  30  2:53  Zergling x4  
  32  3:03  Baneling Nest  
  28  3:07  Zergling x12  
  33  3:20  Zergling x4  
  34  3:33  Zergling x4  
  35  3:34  Overlord  
  36  3:48  Zergling x2  
Show
View Real Time Build Order
Export as new Build Order

Worming Zerg 

Build Orders: Pool First 

Get SALT Encoding   

  12  0:01  Drone  
  13  0:08  Drone  
  14  0:20  Extractor  
  14  0:21  Drone x2, Extractor  
  15  0:37  Spawning Pool  
  14  0:44  Overlord  
  14  0:50  Extractor  
  14  0:51  Drone  
  15  1:03  Drone  
  16  1:23  Queen  
  16  1:24  Zergling x6  
  21  1:30  Metabolic Boost  
  21  1:37  Overlord  
  21  1:50  Zergling x2  
  22  1:57  Zergling x2  
  23  2:01  Queen  
  25  2:09  Zergling x2  
  26  2:21  Spine Crawler  
  25  2:23  Zergling x2  
  26  2:36  Zergling x4  
  26  2:37  Zergling x4  
  28  3:06  Zergling x4  
  28  3:21  Hatchery  
  27  3:28  Zergling x2  
  27  3:29  Zergling x6  
  29  3:47  Zergling x2  
  27  3:51  Baneling Nest  
Tags
 
Add a new tag
Caveats
  • Supply blocks, unpowered buildings, or Contaminate may cause inaccurate times.
  • Supply counts are checked every 10 seconds.